 Dungeon Crawl Stone Soup version 0.21.0-3-g78d12a8 (webtiles) character file.

1717 Gorglomux the Skirmisher (level 9, -7/81 HPs)
             Began as a Hill Orc Ice Elementalist on Jan 17, 2018.
             Was a Follower of Okawaru.
             Mangled by a cyan ugly thing (15 damage)
             ... on level 7 of the Dungeon.
             The game lasted 00:18:28 (9597 turns).

Gorglomux the Skirmisher (HOIE)                     Turns: 9597, Time: 00:18:29

Health: -7/81      AC: 13    Str: 17    XL:     9   Next: 4%
Magic:  8/11       EV: 12    Int: 15    God:    Okawaru [*.....]
Gold:   342        SH:  5    Dex: 11    Spells: 10/11 levels left

rFire    + . .     SeeInvis .   a - +0 war axe
rCold    . . .     Gourm    +   W - +0 buckler
rNeg     . . .     Faith    .   L - +0 scale mail
rPois    +         Spirit   .   K - +0 helmet
rElec    .         Reflect  .   D - +0 cloak
rCorr    .         Harm     .   Y - +0 pair of gloves
MR       .....                  (no boots)
Stlth    ++........             r - amulet of the gourmand
HPRegen  0.23/turn              o - ring of poison resistance
MPRegen  0.12/turn              Z - ring of Plog {+Fly rF+ Str+3}

@: heroism
A: no striking features
a: Heroism, Renounce Religion, Evoke Flight


You were on level 7 of the Dungeon.
You worshipped Okawaru.
Okawaru was aware of your devotion.
You were very full.

You visited 2 branches of the dungeon, and saw 8 of its levels.

You collected 342 gold pieces.

Inventory:

Hand Weapons
 a - a +0 war axe (weapon)
 b - a +0 dagger of venom
Missiles
 l - 9 tomahawks (quivered)
Armour
 D - a +0 cloak (worn)
 K - a +0 helmet (worn)
 L - a +0 scale mail (worn)
 W - a +0 buckler (worn)
 Y - a +0 pair of gloves (worn)
Jewellery
 o - a ring of poison resistance (left hand)
 r - an amulet of the gourmand (around neck)
 Z - the ring of Plog (right hand) {+Fly rF+ Str+3}
   (You found it on level 5 of the Dungeon)

   [ring of flight]

   It affects your strength (+3).
   It protects you from fire.
   It lets you fly.
Wands
 P - a wand of paralysis (18)
Scrolls
 i - 6 scrolls of remove curse
 B - a scroll of blinking
 G - 4 scrolls of noise
 O - a scroll of torment {unknown}
 R - 2 scrolls of identify
 S - 3 scrolls of enchant weapon {unknown}
 T - 2 scrolls of fog {unknown}
 U - a scroll of teleportation {unknown}
 V - a scroll of enchant armour {unknown}
Potions
 s - 2 potions of cancellation
 C - a potion of brilliance
 H - a potion of degeneration
 I - 2 potions of lignification
 Q - 2 potions of curing
Books
 X - the Grimoire of Augmentations and Changing
   (You found it on level 4 of the Dungeon)

   Spells                             Type                      Level
   a - Beastly Appendage              Transmutation                1
   b - Song of Slaying                Charms                       2
   c - Regeneration                   Charms/Necromancy            3
   d - Ring of Flames                 Charms/Fire                  7
   e - Dragon Form                    Transmutation                7
Comestibles
 c - 4 rations
 N - 6 chunks of flesh


   Skills:
 + Level 7.8(12.8) Fighting
 + Level 7.8(12.8) Axes
 + Level 7.2(12.2) Armour
 - Level 1.5(6.5) Dodging
 - Level 1.5(6.5) Stealth
 - Level 1.5 Spellcasting
   Level 1.0 Conjurations
 - Level 2.6 Ice Magic


You had 10 spell levels left.
You knew the following spells:

 Your Spells              Type           Power        Failure   Level  Hunger
a - Freeze                Ice            #...         19%         1    ##.....


Dungeon Overview and Level Annotations

Branches:
Dungeon (7/15)             Temple (1/1) D:4

Altars:
Ashenzari
Dithmenos
Elyvilon
Fedhas
Gozag
Hepliaklqana
Kikubaaqudgha
Makhleb
Nemelex Xobeh
Okawaru
Qazlal
Ru
Sif Muna
Trog
Uskayaw
Vehumet
Wu Jian
Xom
Yredelemnul
Zin
The Shining One


Message History

The cyan ugly thing is lightly wounded!
You skewer the cyan ugly thing but do no damage!
The cyan ugly thing is lightly wounded!
You feel like a meek peon again! The cyan ugly thing stings you!!!
The cyan ugly thing shocks you!!!
You gain the combat prowess of a mighty hero!
The cyan ugly thing stings you but does no damage!
Throwing (i - inventory):
l - 10 tomahawks (quivered)
Press: ? - help, Shift-Dir - straight line, f - cyan ugly thing
Aim: a cyan ugly thing (lightly wounded, poisoned)
You throw a tomahawk!
The tomahawk barely misses the cyan ugly thing!
The cyan butt-ly thing stings you!
The cyan ugly thing shocks you!!! * * * don't die
* * * Your +0 dagger of venom stops dripping with poison!
a - a +0 war axe (weapon)
The cyan ugly thing stings you! * * * don't die
* * * The cyan ugly thing shocks you!!! rip

.##############
#.####.##..#..# .
#....#.##..#..# .
#.##.'#..##.##. .
####.####.##..#..# <
#.......#.##..#..# .
#..###'####..##.##.
#..##.....###. #.##.
#..##..#.#..###..#..#
#.##@#######.# #....
# #u## .####...
#{OTu:|). .# ....
+T......Y #....
#.#...#.. .....
#.##.## ##. ## #


You could see a cyan ugly thing and a troll.

Vanquished Creatures
  A hornet (D:7)
  A water moccasin (D:6)
  An ice beast (D:6)
  3 ogres
  2 scorpions
  A water moccasin skeleton (D:5)
  A howler monkey (D:4)
  2 crimson imps (D:5)
  2 bullfrog skeletons (D:5)
  A centaur skeleton (D:5)
  5 orc priests
  An iguana (D:6)
  7 orc wizards
  3 worker ants
  Terence (D:1)
  A hound zombie (D:6)
  2 hound skeletons
  Robin (D:3)
  5 adders
  A shadow imp (D:7)
  An ooze (D:2)
  An adder zombie (D:5)
  6 worms
  3 dart slugs
  2 leopard geckos
  25 orcs
  A ball python (D:2)
  9 giant cockroaches
  12 goblins
  15 hobgoblins
  12 jackals
  3 quokkas
  6 bats
  2 frilled lizards (D:2)
  8 kobolds
  2 leopard gecko zombies (D:5)
  A quokka skeleton (D:5)
  4 rats
155 creatures vanquished.

Notes
Turn   | Place    | Note
-------+----------+-------------------------------------------
     0 | D:1      | Gorglomux the Hill Orc Ice Elementalist began the quest for the Orb.
     0 | D:1      | Reached XP level 1. HP: 14/14 MP: 3/3
   317 | D:1      | Reached skill level 1 in Fighting
   317 | D:1      | Reached skill level 1 in Armour
   586 | D:1      | Reached XP level 2. HP: 23/23 MP: 2/4
  1239 | D:1      | Reached XP level 3. HP: 21/29 MP: 0/5
  2204 | D:2      | Noticed Terence
  2258 | D:1      | Killed Terence
  2258 | D:1      | Reached skill level 3 in Fighting
  2258 | D:1      | Reached XP level 4. HP: 20/38 MP: 0/6
  2689 | D:1      | HP: 1/38 [kobold/short sword (7)]
  3628 | D:2      | Reached skill level 1 in Axes
  3628 | D:2      | Reached skill level 3 in Armour
  3653 | D:2      | Reached XP level 5. HP: 41/45 MP: 1/7
  4206 | D:3      | Found a shattered altar of Ashenzari.
  4313 | D:3      | Found an ancient bone altar of Kikubaaqudgha.
  4316 | D:3      | Found an iron altar of Okawaru.
  4588 | D:3      | Noticed Robin
  4668 | D:3      | Killed Robin
  4961 | D:4      | Noticed an ogre
  5353 | D:4      | Reached XP level 6. HP: 9/52 MP: 8/8
  5611 | D:4      | Reached skill level 3 in Axes
  6099 | D:4      | Reached XP level 7. HP: 60/60 MP: 9/9
  6308 | D:4      | Found a staircase to the Ecumenical Temple.
  6324 | D:4      | Identified the Grimoire of Augmentations and Changing
  6340 | Temple   | Entered the Ecumenical Temple
  6548 | D:3      | Became a worshipper of Warmaster Okawaru
  6586 | D:5      | Entered Level 5 of the Dungeon
  6833 | D:5      | Got a glittering pewter ring
  7231 | D:5      | Found a white marble altar of Elyvilon.
  7233 | D:5      | Found a sacrificial altar of Ru.
  7475 | D:5      | Found a glowing silver altar of Zin.
  7558 | D:5      | Reached skill level 6 in Fighting
  7846 | D:5      | Reached XP level 8. HP: 70/70 MP: 4/10
  7870 | D:5      | Reached * piety under Okawaru
  8094 | D:6      | Reached skill level 6 in Axes
  8106 | D:6      | Identified the ring of Plog {+Fly rF+ Str+3} (You found it on level 5 of the Dungeon)
  8203 | D:6      | Reached skill level 6 in Armour
  9426 | D:7      | Noticed a hornet
  9452 | D:7      | Paralysed by a hornet for 2 turns
  9454 | D:7      | Killed a hornet
  9454 | D:7      | Reached ** piety under Okawaru
  9454 | D:7      | Reached XP level 9. HP: 57/81 MP: 11/11
  9578 | D:7      | Noticed a cyan ugly thing
  9578 | D:7      | Noticed a troll
  9597 | D:7      | Mangled by a cyan ugly thing

Skill      XL: |  1  2  3  4  5  6  7  8 |
---------------+-------------------------+-----
Fighting       | 1 2 3 4 6 7 |  7.8
Armour         | 1 2 3 4 5 7 |  7.2
Axes           | 1 2 4 5 7 |  7.8
Dodging        | |  1.5
Stealth        | |  1.5
Spellcasting   | |  1.5
Conjurations   | |  1.0
Ice Magic      | |  2.6

Action                   |  1- 3 |  4- 6 |  7- 9 || total
-------------------------+-------+-------+-------++-------
Melee: Dagger            |    44 |   182 |   386 ||   612
       Unarmed           |     2 |       |       ||     2
       Hand axe          |       |    62 |       ||    62
Throw: Tomahawk          |    17 |       |     1 ||    18
 Cast: Freeze            |    42 |    46 |    17 ||   105
Invok: Heroism           |       |       |     3 ||     3
  Use: Potion            |     1 |       |       ||     1
       Scroll            |     1 |     4 |     3 ||     8
 Stab: Sleeping          |       |     2 |       ||     2
  Eat: Chunk             |     5 |    23 |    12 ||    40
Armor: Robe              |    17 |    34 |       ||    51
       Scale mail        |       |    35 |   205 ||   240
Dodge: Dodged            |    91 |   165 |   154 ||   410
Block: Buckler           |       |     9 |    46 ||    55
